 Dungeon Crawl Stone Soup version 0.29.0-4-gdea44cf6ec (webtiles) character file.

Game seed: 17544571927997083800

356 qw the Chopper (level 6, -4/51 HPs)
             Began as a Minotaur Fighter on Sept 6, 2022.
             Slain by a gnoll
             ... wielding a +0 halberd
             ... led by a gnoll sergeant
              (7 damage)
             ... on level 6 of the Dungeon.
             The game lasted 00:01:26 (3029 turns).

qw the Chopper (Minotaur Fighter)                   Turns: 3029, Time: 00:01:26

Health: -4/51      AC:  9    Str: 22    XL:     6   Next: 36%
Magic:  5/5        EV:  9    Int:  5    God:
Gold:   171        SH:  4    Dex: 10    Spells: 5/5 levels left

rFire   . . .      SeeInvis .   Y - +2 war axe
rCold   . . .      Faith    .   c - +0 buckler
rNeg    . . .      Spirit   .   b - +0 scale mail
rPois   .          Reflect  .   (helmet restricted)
rElec   .          Harm     .   (no cloak)
rCorr   .          Rampage  .   g - +0 pair of gloves
Will    +....                   k - +0 pair of boots
Stlth   ..........              (no amulet)
HPRegen 0.17/turn               i - ring of willpower
MPRegen 0.09/turn               (no ring)

@: about to teleport
A: horns 2, retaliatory headbutt
a: no special abilities


You were on level 6 of the Dungeon.
You visited 1 branch of the dungeon, and saw 5 of its levels.

You collected 171 gold pieces.


Innate Abilities, Weirdness & Mutations

You have a pair of horns on your head.
You reflexively headbutt those who attack you in melee.


   Skills:
 - Level 3.6 Fighting
 + Level 6.2 Axes
 - Level 4.0 Throwing
 - Level 3.6 Armour
 - Level 1.0 Dodging
 - Level 3.6 Shields


You had 5 spell levels left.
You didn't know any spells.
Your spell library was empty.

Inventory:

Hand Weapons
 r - a +0 flail
 Y - a +2 war axe (weapon)
Missiles
 a - 5 javelins (quivered)
 q - 5 boomerangs of dispersal
Armour
 b - a +0 scale mail (worn)
 c - a +0 buckler (worn)
 g - a +0 pair of gloves (worn)
 k - a +0 pair of boots (worn)
Jewellery
 i - a ring of willpower (left hand)
 o - a ring of ice
Scrolls
 p - a scroll of teleportation
 s - a scroll of identify
Potions
 d - 2 potions of might
 e - a potion of cancellation
 f - 2 potions of heal wounds
 j - a potion of haste {unknown}
 l - a potion of brilliance {unknown}
 m - a potion of attraction {unknown}
 t - a potion of flight {unknown}

Dungeon Overview and Level Annotations

Branches:
Dungeon (6/15)
 Temple: D:4-7

Altars:
Dithmenos
Nemelex Xobeh
Okawaru
The Shining One


Message History

The gnoll sergeant hits you but does no damage.
You block the gnoll's attack. You block the gnoll sergeant's attack.
The gnoll hits you with a +0 flail.
You hit the gnoll but do no damage. The gnoll barely misses you.
You furiously retaliate!
You headbutt the gnoll!
A gnoll comes into view. It is wielding a +2 whip of holy wrath.
The gnoll sergeant closely misses you.
The gnoll hits you from afar with a +0 halberd.
You barely miss the gnoll.
The gnoll is almost dead.
The gnoll hits you with a +0 flail.
The gnoll sergeant hits you from afar with a +0 spear.
The gnoll barely misses you.
You hit the gnoll but do no damage.
The gnoll is almost dead.
The gnoll sergeant hits you from afar with a +0 spear.
You block the gnoll's attack. x2
You hit the gnoll.
You kill the gnoll!
You block the gnoll's attack.
The gnoll sergeant hits you but does no damage.
An orc comes into view. It is wielding a +0 club.
The orc shouts!
The gnoll hits you but does no damage.
You closely miss the gnoll sergeant. You completely miss the gnoll.
The gnoll closely misses you.
The gnoll sergeant hits you but does no damage.
The gnoll sergeant barely misses you. The gnoll hits you with a +0 halberd.
The gnoll hits you with a +2 whip of holy wrath.
You barely miss the gnoll sergeant. You barely miss the gnoll.
You hit the gnoll.
The gnoll sergeant hits you with a +0 spear!
The gnoll hits you with a +2 whip of holy wrath.
The gnoll hits you with a +0 halberd!
3029 ||| READING 2 scrolls of teleportation.
As you read the scroll of teleportation, it crumbles to dust.
You feel strangely unstable. The gnoll sergeant closely misses you.
The gnoll barely misses you. The gnoll hits you with a +0 halberd!
You die...

.....#
.(...#
....#
....#
...#
#go#
#gg#
#@g#
#.)#
#..#
#..#
#..##
#...##
###..##
##..#
#####
##.##


You could see a gnoll sergeant, 3 gnolls and an orc.

Vanquished Creatures
  Sigmund (D:3)
  A scorpion (D:6)
  An iguana (D:6)
  2 gnolls (D:6)
  2 adders
  4 dart slugs
  5 orcs (D:3)
  3 endoplasms
  3 giant cockroaches
  5 goblins
  A hobgoblin (D:1)
  12 kobolds
  4 quokkas
  6 ball pythons
  8 bats
  8 frilled lizards
  9 rats
75 creatures vanquished.

Vanquished Creatures (others)
  2 fungi (D:2)
  2 plants (D:2)
4 creatures vanquished.

Grand Total: 79 creatures vanquished

Notes
Turn   | Place    | Note
-------+----------+-------------------------------------------
     0 | D:1      | qw the Minotaur Fighter began the quest for the Orb.
     0 | D:1      | Reached XP level 1. HP: 19/19 MP: 0/0
     0 | D:1      | 0 ||| qw: Version: 0.1-a-108-g9e35731
     0 | D:1      | 0 ||| qw: Game counter: 6317
     0 | D:1      | 0 ||| qw: Always use a shield: true
     0 | D:1      | 0 ||| qw: God list: Ru
     0 | D:1      | 0 ||| qw: Allow faded altars: false
     0 | D:1      | 0 ||| qw: Do Orc after D:15 true
     0 | D:1      | 0 ||| qw: Do second Lair branch before Depths: true
     0 | D:1      | 0 ||| qw: Lair rune preference: random
     0 | D:1      | 0 ||| qw: Plans: Normal
     0 | D:1      | 0 ||| PLANNING D:1-11
    57 | D:1      | Reached skill level 3 in Axes
    66 | D:1      | Reached XP level 2. HP: 23/26 MP: 1/1
   361 | D:1      | 361 ||| Stepping ~*~*~tactically~*~*~ (stealth).
   377 | D:1      | 377 ||| Stepping ~*~*~tactically~*~*~ (stealth).
   378 | D:1      | 378 ||| Stepping ~*~*~tactically~*~*~ (stealth).
   381 | D:1      | Reached skill level 4 in Axes
   611 | D:1      | Reached XP level 3. HP: 31/31 MP: 2/2
   747 | D:1      | 747 ||| UPGRADING to +0 pair of boots.
   752 | D:1      | 752 ||| UPGRADING to ring of willpower.
   753 | D:1      | 753 ||| READING scroll labelled XEONOU RUUXKELL.
   754 | D:1      | 754 ||| READING scroll labelled OTYFIS USHROUS.
   755 | D:1      | 755 ||| DRINKING 2 metallic golden potions.
   756 | D:1      | 756 ||| DROPPING potion of degeneration.
   757 | D:1      | 757 ||| Stepping randomly (stuck).
   758 | D:1      | 758 ||| Stepping ~*~*~tactically~*~*~ (cloud).
  1079 | D:2      | 1079 ||| Stepping ~*~*~tactically~*~*~ (stealth).
  1082 | D:2      | 1082 ||| Stepping ~*~*~tactically~*~*~ (stealth).
  1222 | D:2      | 1222 ||| Stepping ~*~*~tactically~*~*~ (hiding).
  1382 | D:2      | 1382 ||| Stepping ~*~*~tactically~*~*~ (stealth).
  1383 | D:2      | 1383 ||| Stepping ~*~*~tactically~*~*~ (stealth).
  1386 | D:2      | Found a faded altar of an unknown god.
  1535 | D:2      | Reached skill level 5 in Axes
  1602 | D:2      | 1602 ||| Stepping ~*~*~tactically~*~*~ (stealth).
  1603 | D:2      | 1603 ||| Stepping ~*~*~tactically~*~*~ (stealth).
  1865 | D:2      | 1865 ||| READING scroll labelled COELOOWN GIMAI.
  1866 | D:2      | 1866 ||| READING scroll labelled TINNIASCHOA.
  1867 | D:2      | 1867 ||| READING scroll labelled OFORIC JORCH.
  1871 | D:2      | 1871 ||| DRINKING 2 emerald potions.
  1883 | D:3      | 1883 ||| STAIRDANCE
  1943 | D:3      | 1943 ||| Stepping ~*~*~tactically~*~*~ (stealth).
  1953 | D:3      | Reached XP level 4. HP: 39/39 MP: 3/3
  2000 | D:3      | 2000 ||| DROPPING +0 whip.
  2047 | D:3      | Found a glowing golden altar of the Shining One.
  2061 | D:3      | Noticed Sigmund
  2062 | D:3      | 2062 ||| Stepping ~*~*~tactically~*~*~ (hiding).
  2072 | D:3      | Killed Sigmund
  2073 | D:3      | Reached XP level 5. HP: 39/45 MP: 4/4
  2122 | D:3      | 2122 ||| READING scroll of enchant weapon.
  2122 | D:3      | 2122 ||| ENCHANTING +1 war axe.
  2256 | D:3      | Found an iron altar of Okawaru.
  2268 | D:3      | 2268 ||| Stepping ~*~*~tactically~*~*~ (stealth).
  2347 | D:3      | Reached skill level 1 in Dodging
  2372 | D:3      | Found a shadowy altar of Dithmenos.
  2705 | D:3      | Found a sparkling altar of Nemelex Xobeh.
  2752 | D:3      | 2752 ||| FLEEEEING.
  2753 | D:3      | 2753 ||| FLEEEEING.
  2754 | D:3      | 2754 ||| FLEEEEING.
  2755 | D:3      | 2755 ||| FLEEEEING.
  2756 | D:3      | 2756 ||| FLEEEEING.
  2804 | D:3      | 2804 ||| UPGRADING to +0 pair of gloves.
  2809 | D:3      | 2809 ||| READING scroll labelled NYN XEWUUCE.
  2810 | D:3      | 2810 ||| DRINKING 2 pink potions.
  2811 | D:3      | 2811 ||| DRINKING 2 amethyst potions.
  2812 | D:3      | 2812 ||| DROPPING potion of invisibility.
  2840 | D:4      | 2840 ||| PLANNING SEWER
  2864 | D:4      | You fall into a shaft and drop 2 floors!
  2876 | D:6      | Reached XP level 6. HP: 48/51 MP: 5/5
  2918 | D:6      | Reached skill level 6 in Axes
  3012 | D:6      | 3012 ||| Stepping ~*~*~tactically~*~*~ (hiding).
  3013 | D:6      | 3013 ||| Stepping ~*~*~tactically~*~*~ (hiding).
  3028 | D:6      | HP: 12/51 [gnoll/+2 whip of holy wrath[a gnoll sergeant]
                  | (3)]
  3028 | D:6      | HP: 3/51 [gnoll/+0 halberd[a gnoll sergeant] (9)]
  3029 | D:6      | 3029 ||| READING 2 scrolls of teleportation.
  3029 | D:6      | Slain by a gnoll

Levels and vault maps discovered:
D:1:      tarquinn_simple_flora_water_b, layout_loops_ring, kennysheep_doodads
D:2:      layout_basic, shapermc_ecumenical_altar_mp_urbaneastern
D:3:      layout_loops_ring, nicolae_dithmenos_shadow_blocks,
          kennysheep_okawaru_gauntlet, lemuel_doored_altar, tso_altar,
          uniq_sigmund
D:4:      layout_cave_pools, old_standard_altar, portal_sewer_entry_d,
          uniq_eustachio
D:6:      cheibrodos_two_vegetables, layout_layer_cave,
          kennysheep_vampire_church, minmay_temple_entry_nine_rooms

Skill      XL: |  1  2  3  4  5  6 |
---------------+-------------------+-----
Axes           | 3 4 5 6 |  6.2
Throwing       | 4 |  4.0
Dodging        | 1 |  1.0
Fighting       | |  3.6
Armour         | |  3.6
Shields        | |  3.6

Action                   |  1- 3 |  4- 6 || total
-------------------------+-------+-------++-------
Melee: War axe           |   100 |    58 ||   158
       Headbutt          |     9 |     5 ||    14
Throw: Javelin           |     1 |    26 ||    27
  Use: Scroll            |     5 |     3 ||     8
       Potion            |     2 |     2 ||     4
Armor: Scale mail        |    44 |    21 ||    65
Dodge: Dodged            |    49 |    31 ||    80
Block: Buckler           |    17 |    18 ||    35

Table legend:
 A = Non-vault XP
 B = Vault XP
 C = Vault XP percentage of total XP
 D = Non-vault monster count
 E = Vault monster count
 F = Vault count percentage of total count
                 A         B        C        D         E       F
            +---------+---------+-------+---------+---------+-------
      Total |     286 |     223 |  43.8 |      74 |       1 |   1.3
            +---------+---------+-------+---------+---------+-------
        D:1 |      46 |       0 |   0.0 |      28 |       0 |   0.0
        D:2 |      41 |       0 |   0.0 |      19 |       0 |   0.0
        D:3 |      55 |     223 |  80.2 |      23 |       1 |   4.2
        D:6 |     144 |       0 |   0.0 |       4 |       0 |   0.0
            +---------+---------+-------+---------+---------+-------
